 Dungeon Crawl Stone Soup version 0.31.0-32-g396128a36d (webtiles) character file.

Game seed: 496557435934510316

209 hawla the Shield-Bearer (level 5, -3/45 HPs)
             Began as a Minotaur Fighter on Mar 8, 2024.
             Slain by an ogre
             ... wielding a +0 giant spiked club
              (26 damage)
             ... on level 4 of the Dungeon.
             The game lasted 00:04:55 (2577 turns).

hawla the Shield-Bearer (Minotaur Fighter)          Turns: 2577, Time: 00:04:55

Health: -3/45      AC:  8    Str: 25    XL:     5   Next: 55%
Magic:  4/4        EV: 10    Int:  3    God:
Gold:   42         SH:  9    Dex: 12    Spells: 4/4 levels left

rFire   . . .        k - +4 whip "Roxeerutz" {venom, rCorr Str+5 Int-2 SInv}
rCold   . . .        f - +0 kite shield
rNeg    . . .        b - +0 scale mail
rPois   .            (helmet restricted)
rElec   .            r - +0 cloak
rCorr   +            (no gloves)
SInv    +            (no boots)
Will    .....        (no amulet) Stlth
                     (no ring)
HPRegen 0.27/turn    (no ring)
MPRegen 0.09/turn

%: no passive effects
@: mighty
A: horns 2, retaliatory headbutt
a: no special abilities


You were on level 4 of the Dungeon.
You visited 1 branch of the dungeon, and saw 4 of its levels.

You collected 102 gold pieces.
You spent 60 gold pieces at shops.

Inventory:

Hand Weapons
 k - the +4 whip "Roxeerutz" (weapon) {venom, rCorr Str+5 Int-2 SInv}
   (You found it on level 2 of the Dungeon)

   Str+5:     It affects your strength (+5).
   Int-2:     It affects your intelligence (-2).
   SInv:      It lets you see invisible.
   rCorr:     It protects you from acid and corrosion.
Missiles
 g - 4 poisoned darts (quivered)
Armour
 b - a +0 scale mail (worn)
 f - a +0 kite shield (worn)
 r - a +0 cloak (worn)
Wands
 p - a wand of flame (11)
Scrolls
 c - 2 scrolls of poison
 i - a scroll of teleportation
 j - a scroll of fog
Potions
 a - a potion of ambrosia {unknown}
 e - a potion of mutation {unknown}
 h - a potion of cancellation {unknown}
 m - 3 potions of lignification {unknown}


   Skills:
 - Level 3.6 Fighting
 - Level 2.4 Long Blades
 - Level 3.6 Armour
 - Level 3.0 Dodging
 + Level 6.7 Shields


You had 4 spell levels left.
You didn't know any spells.
Your spell library was empty.

Dungeon Overview and Level Annotations

Branches:
Dungeon (4/15)
 Temple: D:4-7

Altars:

Shops:
D:3 *


Innate Abilities, Weirdness & Mutations

You have a pair of horns on your head.
You reflexively headbutt those who attack you in melee.


Message History

Done exploring.
What level of the Dungeon? (default 3, ? - help)
There is a stone staircase leading down here.
You climb downwards.
There is a stone staircase leading up here.
As you read the scroll labelled YSE BADECKUDGH, it crumbles to dust.
You feel aware of your surroundings.
You sensed 2 altars, and 2 shops/portals.
It was a scroll of revelation.
As you read the scroll labelled DAPNYF RUPE, it crumbles to dust.
You hear a loud clanging noise!
It was a scroll of noise.
You hear a shout!
You hear an angry hiss.
You hear a shout!
You hear an angry hiss.
An adder comes into view.
As you read the scroll labelled APUPSIE XAMEAD, it crumbles to dust.
You assume a fearsome visage.
The adder looks frightened!
The adder hisses angrily.
It was a scroll of fear.
An ogre comes into view. It is wielding a +0 giant spiked club.
Found an escape hatch in the floor.
The ogre shouts!
An ogre is nearby!
An ogre is nearby!
An ogre is nearby!
You completely miss the ogre.
The ogre hits you with a +0 giant spiked club.
You whack the ogre!
The ogre is poisoned.
The ogre is heavily wounded.
You barely miss the ogre. Your headbutt misses the ogre.
The ogre is heavily wounded.
The ogre hits you with a +0 giant spiked club!!
Ouch! That really hurt!
* * * LOW HITPOINT WARNING * * *
You feel better. You block the ogre's attack.
Sorry, you're not good enough to have a special ability.
You feel very mighty all of a sudden.
The ogre hits you with a +0 giant spiked club!!
Ouch! That really hurt!
You die...

***,,,,,,,**
**,,**,,,*,,,,,,** **,,,....#*
#...##..#**,,,,,,,
*,,,.....####........*,,,,,,,,
*,,,...>............#**,,,<,,,
*,,,...............## **,,,,,,
****,,,................#
*,,,*,,,
,**,,,,,..............#*
**,,*,,,
,,,,,,,,..##.........##
**,,,**
,,,,,,,,.####..O@...### **,,**
,,,,,,,,#######......## *,,,,*
,,,,,,,,#######.....### **,,,*
,,,,,,,,#######<...#### **,,,
,,,,,,,,#######...##### **,,
,,,,,,,,.####....###### **,
,,,,,,,,..........##### **,,
,,,,,,,,...........#### **,,,
,,,**,,,............### **,,,,


You could see an ogre (very poisoned).

Vanquished Creatures
  Crazy Yiuf (D:3)
  An orc wizard (D:3)
  Natasha (D:3)
  4 adders
  A ribbon worm (D:2)
  4 dart slugs
  10 orcs (D:3)
  4 ball pythons
  5 endoplasms
  14 giant cockroaches
  A hobgoblin (D:1)
  2 jackals (D:3)
  3 quokkas
  5 bats
  6 frilled lizards
  4 goblins
  5 kobolds
  7 rats
78 creatures vanquished.

Notes
Turn   | Place    | Note
-------+----------+-------------------------------------------
     0 | D:1      | hawla the Minotaur Fighter began the quest for the Orb.
     0 | D:1      | Reached XP level 1. HP: 19/19 MP: 0/0
    45 | D:1      | Reached skill level 1 in Dodging
    63 | D:1      | Reached XP level 2. HP: 26/26 MP: 1/1
   239 | D:1      | Found a faded altar of an unknown god.
   511 | D:2      | Reached XP level 3. HP: 26/31 MP: 2/2
   586 | D:2      | Reached skill level 4 in Shields
   748 | D:2      | Identified the +4 whip "Roxeerutz" {venom, rCorr Str+5
                  | Int-2 SInv}
  1376 | D:3      | Reached XP level 4. HP: 33/39 MP: 3/3
  1481 | D:3      | Reached skill level 5 in Shields
  1694 | D:3      | Reached XP level 5. HP: 45/45 MP: 4/4
  1705 | D:3      | Reached skill level 6 in Shields
  1829 | D:3      | Found Nuthimam's General Store.
  1997 | D:3      | Bought a scroll of identify for 24 gold pieces
  1997 | D:3      | Bought a potion of curing for 36 gold pieces
  2206 | D:3      | Found a runed translucent door.
  2207 | D:3      | Noticed Crazy Yiuf
  2349 | D:3      | Noticed Natasha
  2354 | D:3      | Killed Natasha
  2471 | D:3      | Killed Crazy Yiuf
  2568 | D:4      | Noticed an ogre
  2577 | D:4      | Slain by an ogre

Illustrated notes

Levels and vault maps discovered:
D:1:      saegor_arrival_simple_d, layout_rooms,
          hellmonk_ecumenical_altar_defaced_shrine, serial_bayou_pond_e
D:2:      minmay_chambers_of_ones, layout_loops_corners, grunt_decor_one_mirror
D:3:      minmay_roachtagon, layout_basic, serial_shops, nicolae_shop_peninsula,
          uniq_crazy_yiuf_cottage, uniq_natasha
D:4:      layout_layer_cave, lemuel_zombie_altar_yredelemnul,
          ebering_ghost_gozag, nicolae_figureground_pulse

Skill      XL: |  1  2  3  4  5 |
---------------+----------------+-----
Dodging        | 1 3 |  3.0
Shields        | 4 5 6 |  6.7
Fighting       | |  3.6
Long Blades    | |  2.4
Armour         | |  3.6

Action                     |  1- 3 |  4- 6 || total
---------------------------+-------+-------++-------
  Melee: Long sword        |    77 |       ||    77
         Headbutt          |    12 |     6 ||    18
         Whip              |    24 |    68 ||    92
    Use: Scroll            |     3 |     4 ||     7
         Potion            |       |     2 ||     2
 Armour: Scale mail        |    62 |    52 ||   114
  Dodge: Dodged            |    57 |    29 ||    86
  Block: Buckler           |    12 |       ||    12
         Kite shield       |    12 |    33 ||    45
